Orlando Solar Bears vs Sarnia Sailors
Created - Monday, September 8, 2025 at 07:58
Goals
|
| Orlando Solar Bears |
4 |
1 |
1 |
1 |
7 |
| Sarnia Sailors |
0 |
5 |
1 |
0 |
6 |
|
Shots
|
| Orlando Solar Bears |
18 |
9 |
4 |
3 |
34 |
| Sarnia Sailors |
8 |
19 |
9 |
0 |
36 |
|
1st period
1. Orlando Solar Bears , Rodrigo Abols 5 (Conor Sheary 24) at 5:01
2. Orlando Solar Bears , Conor Sheary 15 (Martin Pospisil 29, Justin Danforth 30) at 11:26
3. Orlando Solar Bears , Justin Danforth 23 (Martin Pospisil 30, Conor Sheary 25) at 12:57
4. Orlando Solar Bears , Justin Brazeau 17 (Jesper Boqvist 13, Alex Turcotte 29) at 17:52
Penalties :
Nikita Grebenkin (OSB) for Interference (Minor) at 2:43, Skyler Brind'Amour (SAR) for Tripping (Minor) at 7:43, Jesper Boqvist (OSB) for Tripping (Minor) at 15:06
2nd period
5. Sarnia Sailors , Declan Chisholm 6 (Nathan Gaucher 4, Nate Danielson 11) at 5:03 (PP)
6. Sarnia Sailors , Logan Morrison 7 (Landon Slaggert 5, Erik Brannstrom 6) at 9:17
7. Sarnia Sailors , Logan Morrison 8 (Nate Danielson 12) at 11:17
8. Sarnia Sailors , Brad Lambert 19 (Arthur Kaliyev 30, Nikolas Matinpalo 10) at 14:31
9. Orlando Solar Bears , Jesper Boqvist 11 (Alex Turcotte 30, Justin Brazeau 14) at 17:21
10. Sarnia Sailors , Nikolas Matinpalo 4 (Nate Danielson 13) at 17:54 (PP)
Penalties :
Arthur Kaliyev (SAR) for Fighting (Major) at 1:41, Nikita Grebenkin (OSB) for Fighting (Major) at 1:41, Logan Morrison (SAR) for Fighting (Major) at 3:48, Adam Beckman (OSB) for Fighting (Major) at 3:48, Vincent Desharnais (OSB) for Hooking (Minor) at 4:56, Martin Pospisil (OSB) for Tripping (Minor) at 17:37, Ty Nelson (OSB) for Cross-checking (Minor) at 19:06
3rd period
11. Sarnia Sailors , Brad Lambert 20 (Arthur Kaliyev 31, Nikolas Matinpalo 11) at 18:39
12. Orlando Solar Bears , Marat Khusnutdinov 16 (Isaak Phillips 4, Nikita Grebenkin 15) at 18:53
Penalties :
Conor Sheary (OSB) for Roughing (Minor) at 3:40
Overtime #1
13. Orlando Solar Bears , Justin Danforth 24 (Conor Sheary 26, Vincent Desharnais 16) at 0:32
Penalties :
No Penalty
Goalie Stats
Domenic DiVincentiis (OSB), 30 saves from 36 shots - (0.833), W, 7-1-0, 60:24 minutes
Remi Poirier (SAR), 27 saves from 34 shots - (0.794), OTL, 4-1-1, 60:32 minutes
Players Stats for Orlando Solar Bears
Player Name G A P +/- PIM S H SB GA TA FO MP PP MP PK MP
------------------------------------------------------------------------------------
0 0 0 0 0 0 0 0 0 0 0/0 0:00 0:00 0:00
Adam Beckman 0 0 0 0 5 2 0 0 0 0 0/0 11:37 0:01 0:00
Alex Turcotte 0 2 2 0 0 4 0 1 0 1 0/0 16:00 0:57 0:00
Amadeus Lombardi 0 0 0 0 0 0 0 0 0 0 0/0 3:42 0:01 0:03
Conor Sheary 1 3 4 3 2 2 1 1 1 0 1/2 17:49 1:01 2:43
Henry Thrun 0 0 0 2 0 0 0 1 0 1 0/0 20:04 0:53 3:36
Isaak Phillips 0 1 1 -1 0 2 1 0 0 0 0/0 12:49 0:00 0:00
Jesper Boqvist 1 1 2 0 2 4 1 1 1 0 7/13 19:07 0:57 2:54
Justin Brazeau 1 1 2 0 0 3 1 3 1 0 0/0 16:00 0:57 0:00
Justin Danforth 2 1 3 2 0 6 0 0 2 1 17/32 25:13 1:01 3:41
Justin Sourdif 0 0 0 0 0 1 1 0 0 0 0/0 7:53 0:00 0:00
Marat Khusnutdinov 1 0 1 0 0 3 0 2 2 0 6/9 14:43 0:01 1:21
Martin Pospisil 0 2 2 1 2 1 2 1 2 0 1/1 17:26 1:01 3:39
Nikita Grebenkin 0 1 1 1 7 1 0 1 0 1 3/3 11:44 0:00 0:00
Rodrigo Abols 1 0 1 1 0 2 1 0 0 0 3/6 11:17 0:00 2:19
Spencer Stastney 0 0 0 2 0 0 1 0 0 1 0/0 20:04 0:53 3:36
TJ Brodie 0 0 0 2 0 2 3 1 1 1 0/0 27:39 1:06 4:44
Ty Nelson 0 0 0 -1 2 0 0 1 0 0 0/0 12:55 0:00 0:00
Vincent Desharnais 0 1 1 2 2 1 3 1 0 2 0/0 27:38 1:06 4:44
Players Stats for Sarnia Sailors
Player Name G A P +/- PIM S H SB GA TA FO MP PP MP PK MP
------------------------------------------------------------------------------------
0 0 0 0 0 0 0 0 0 0 0/0 0:00 0:00 0:00
Adam Ginning 0 0 0 -3 0 0 1 0 0 1 0/0 19:40 3:21 1:17
Arthur Kaliyev 0 2 2 1 5 2 2 1 2 0 2/3 19:44 4:08 0:00
Brad Lambert 2 0 2 0 0 8 2 0 0 3 12/32 23:37 4:25 0:28
Cole Reinhardt 0 0 0 -1 0 0 0 0 1 1 0/1 8:35 0:00 0:00
Declan Chisholm 1 0 1 -1 0 5 0 2 0 0 0/0 29:26 4:59 0:42
Erik Brannstrom 0 1 1 1 0 1 0 2 0 2 0/0 12:33 0:00 0:55
Jeremie Poirier 0 0 0 1 0 1 0 1 0 0 0/0 11:26 0:00 0:00
Jesse Puljujarvi 0 0 0 -2 0 4 0 1 1 1 0/0 17:40 3:47 0:00
Landon Slaggert 0 1 1 0 0 0 3 2 1 0 1/2 11:55 0:00 0:33
Logan Morrison 2 0 2 0 5 2 1 0 1 1 2/6 11:16 0:08 0:57
Nate Danielson 0 3 3 -1 0 1 2 0 1 0 0/1 14:51 4:15 0:00
Nathan Gaucher 0 1 1 -1 0 3 0 0 0 0 1/3 8:09 0:25 0:00
Nikolas Matinpalo 1 2 3 -2 0 3 1 3 0 1 0/0 26:08 4:59 0:42
Rory Kerins 0 0 0 -2 0 3 3 0 0 0 10/16 18:45 3:47 1:05
Skyler Brind'Amour 0 0 0 1 2 1 0 0 0 0 0/1 17:41 0:00 0:00
Tristen Nielsen 0 0 0 -1 0 0 0 0 0 0 0/0 8:02 0:18 0:00
Tyson Hinds 0 0 0 -2 0 0 0 0 0 0 0/0 22:58 3:21 1:17
Zachary L'Heureux 0 0 0 -2 0 2 3 0 1 0 0/1 17:40 3:47 0:00
3 Stars
1 - Conor Sheary (OSB)
2 - Justin Danforth (OSB)
3 - Brad Lambert (SAR)
Power Play
Orlando Solar Bears - 0 on 1 Attempt(s) - 0.00%
Sarnia Sailors - 2 on 6 Attempt(s) - 33.33%
Penalty Kill
Orlando Solar Bears - 4 on 6 Attempt(s) - 66.67%
- Score 0 goal in Penalty Kill
Sarnia Sailors - 1 on 1 Attempt(s) - 100.00%
- Score 0 goal in Penalty Kill
Team Stat
Orlando Solar Bears - Hits : 15 - Faceoff Wins : 38 - Blocked Shots : 14 - Penalty Minutes : 22
Sarnia Sailors - Hits : 18 - Faceoff Wins : 28 - Blocked Shots : 12 - Penalty Minutes : 12
Official
Referees : Tj Luxmore and Chris Rooney
Linesman : Brandon Gawryletz and Shandor Alphonso
Game Notes
Nikita Grebenkin beats up Arthur Kaliyev at 1:41 of 2nd period
Logan Morrison and Adam Beckman fight to a draw at 3:48 of 2nd period
Orlando Solar Bears
5 vs 5 Forward
Center Left Wing Right Wing Time % Phy DF OF
1 Justin Danforth Conor Sheary Martin Pospisil 30 1 2 2
2 Jesper Boqvist Alex Turcotte Justin Brazeau 30 1 2 2
3 Marat Khusnutdinov Adam Beckman Nikita Grebenkin 25 1 2 2
4 Rodrigo Abols Justin Danforth Justin Sourdif 15 1 2 2
5 vs 5 Defense
Defense Defense Time % Phy DF OF
1 Vincent Desharnais TJ Brodie 30 1 2 2
2 Henry Thrun Spencer Stastney 30 1 2 2
3 Ty Nelson Isaak Phillips 25 1 2 2
4 Vincent Desharnais TJ Brodie 15 1 2 2
PowerPlay Forward
Center Left Wing Right Wing Time % Phy DF OF
1 Justin Danforth Conor Sheary Martin Pospisil 50 1 2 2
2 Jesper Boqvist Alex Turcotte Justin Brazeau 50 1 2 2
PowerPlay Defense
Defense Defense Time % Phy DF OF
1 Vincent Desharnais TJ Brodie 50 1 2 2
2 Henry Thrun Spencer Stastney 50 1 2 2
Penalty Kill 4 Players Forward
Center Wing Time % Phy DF OF
1 Justin Danforth Conor Sheary 50 1 2 2
2 Martin Pospisil Jesper Boqvist 50 1 2 2
Penalty Kill 4 Players Defense
Defense Defense Time % Phy DF OF
1 Vincent Desharnais TJ Brodie 50 1 2 2
2 Henry Thrun Spencer Stastney 50 1 2 2
Penalty Kill - 3 Players Forward
Forward Time % Phy DF OF
1 Justin Danforth 50 1 2 2
2 Conor Sheary 50 1 2 2
Penalty Kill - 3 Players Defense
Defense Defense Time % Phy DF OF
1 Vincent Desharnais TJ Brodie 50 1 2 2
2 Henry Thrun Spencer Stastney 50 1 2 2
4 vs 4 Forward
Center Wing Time % Phy DF OF
1 Justin Danforth Conor Sheary 50 1 2 2
2 Martin Pospisil Jesper Boqvist 50 1 2 2
4 vs 4 Defense
Defense Defense Time % Phy DF OF
1 Vincent Desharnais TJ Brodie 50 1 2 2
2 Henry Thrun Spencer Stastney 50 1 2 2
Last Minutes Offensive
Center Left Wing Right Wing Defense Defense
Justin Danforth Conor Sheary Martin Pospisil Vincent Desharnais TJ Brodie
Last Minutes Defensive
Center Left Wing Right Wing Defense Defense
Justin Danforth Conor Sheary Martin Pospisil Vincent Desharnais TJ Brodie
Goaltenders
Starting : Domenic DiVincentiis
Backup : Unknown Goalie
Extra Forwards
Normal : Amadeus Lombardi, Marat Khusnutdinov, Rodrigo Abols - PP : Amadeus Lombardi, Marat Khusnutdinov - PK : Rodrigo Abols
Extra Defensemen
Normal : Ty Nelson, Isaak Phillips, Henry Thrun - PP : Ty Nelson - PK : Isaak Phillips, Henry Thrun
Penalty Shots
Justin Danforth, Conor Sheary, Martin Pospisil, Jesper Boqvist, Justin Brazeau
Scratches
Elliot Desnoyers (Healthy), Lukas Cormier (Healthy), Viktor Neuchev (Healthy), Alexis Gendron (Healthy), Carter Mazur (Healthy)
Topi Niemela (Healthy), Daniel Vladar (Healthy), Vadim Zherenko (Healthy), Erik Portillo (Healthy)
Sarnia Sailors
5 vs 5 Forward
Center Left Wing Right Wing Time % Phy DF OF
1 Brad Lambert Skyler Brind'Amour Arthur Kaliyev 40 2 1 2
2 Rory Kerins Zachary L'Heureux Jesse Puljujarvi 30 2 1 2
3 Logan Morrison Nate Danielson Landon Slaggert 20 1 2 2
4 Nathan Gaucher Tristen Nielsen Cole Reinhardt 10 2 1 2
5 vs 5 Defense
Defense Defense Time % Phy DF OF
1 Nikolas Matinpalo Declan Chisholm 40 1 2 2
2 Tyson Hinds Adam Ginning 30 2 1 2
3 Erik Brannstrom Jeremie Poirier 20 2 2 1
4 Tyson Hinds Declan Chisholm 10 1 2 2
PowerPlay Forward
Center Left Wing Right Wing Time % Phy DF OF
1 Brad Lambert Nate Danielson Arthur Kaliyev 60 0 1 4
2 Rory Kerins Zachary L'Heureux Jesse Puljujarvi 40 0 1 4
PowerPlay Defense
Defense Defense Time % Phy DF OF
1 Nikolas Matinpalo Declan Chisholm 60 1 1 3
2 Tyson Hinds Adam Ginning 40 2 1 2
Penalty Kill 4 Players Forward
Center Wing Time % Phy DF OF
1 Rory Kerins Skyler Brind'Amour 60 2 2 1
2 Logan Morrison Landon Slaggert 40 2 2 1
Penalty Kill 4 Players Defense
Defense Defense Time % Phy DF OF
1 Nikolas Matinpalo Declan Chisholm 60 2 1 2
2 Tyson Hinds Adam Ginning 40 2 2 1
Penalty Kill - 3 Players Forward
Forward Time % Phy DF OF
1 Rory Kerins 60 2 2 1
2 Zachary L'Heureux 40 2 2 1
Penalty Kill - 3 Players Defense
Defense Defense Time % Phy DF OF
1 Nikolas Matinpalo Declan Chisholm 60 2 1 2
2 Tyson Hinds Adam Ginning 40 2 2 1
4 vs 4 Forward
Center Wing Time % Phy DF OF
1 Brad Lambert Nate Danielson 60 2 1 2
2 Rory Kerins Zachary L'Heureux 40 2 1 2
4 vs 4 Defense
Defense Defense Time % Phy DF OF
1 Nikolas Matinpalo Declan Chisholm 60 1 2 2
2 Tyson Hinds Adam Ginning 40 2 1 2
Last Minutes Offensive
Center Left Wing Right Wing Defense Defense
Brad Lambert Zachary L'Heureux Arthur Kaliyev Nikolas Matinpalo Declan Chisholm
Last Minutes Defensive
Center Left Wing Right Wing Defense Defense
Brad Lambert Zachary L'Heureux Arthur Kaliyev Nikolas Matinpalo Declan Chisholm
Goaltenders
Starting : Remi Poirier
Backup : Unknown Goalie
Extra Forwards
Normal : Logan Morrison, Landon Slaggert, Cole Reinhardt - PP : Nathan Gaucher, Tristen Nielsen - PK : Logan Morrison
Extra Defensemen
Normal : Erik Brannstrom, Jeremie Poirier, Nikolas Matinpalo - PP : Erik Brannstrom - PK : Erik Brannstrom, Jeremie Poirier
Penalty Shots
Brad Lambert, Nate Danielson, Arthur Kaliyev, Jesse Puljujarvi, Rory Kerins
Scratches
Samuel Walker (Healthy), Jack Rathbone (Healthy), Tyler Boucher (Healthy), Lucas Edmonds (Healthy), Ethan Edwards (Healthy)
Jett Woo (Healthy), Sebastian Cossa (Healthy), Dylan Ferguson (Healthy)
% Time on Ice - Orlando Solar Bears
Lines # - Real PCT - Wanted PCT - Time Play
Normal Forward
1 - 28% - 30% - 13:46
2 - 31% - 30% - 15:10
3 - 26% - 25% - 12:52
4 - 16% - 15% - 7:53
Normal Defense
1 - 30% - 30% - 14:46
2 - 31% - 30% - 15:35
3 - 26% - 25% - 12:49
4 - 13% - 15% - 6:31
PP Forward
1 - 52% - 50% - 1:02
2 - 48% - 50% - 0:57
PP Defense
1 - 55% - 50% - 1:06
2 - 45% - 50% - 0:53
PK Forward
1 - 50% - 50% - 4:10
2 - 50% - 50% - 4:10
PK Defense
1 - 57% - 50% - 4:44
2 - 43% - 50% - 3:36
PK3 Forward
1 - 0% - 50%
2 - 0% - 50%
PK3 Defense
1 - 0% - 50%
2 - 0% - 50%
44 Forward
1 - 100% - 50% - 0:32
2 - 0% - 50% - 0:00
44 Defense
1 - 100% - 50% - 0:32
2 - 0% - 50% - 0:00
Last Minute Offensive - 0:00
Last Minute Defensive - 0:00
Total
Forward - 60:32
Defense - 60:32
|
% Time on Ice - Sarnia Sailors
Lines # - Real PCT - Wanted PCT - Time Play
Normal Forward
1 - 36% - 40% - 17:42
2 - 28% - 30% - 14:01
3 - 21% - 20% - 10:14
4 - 16% - 10% - 7:44
Normal Defense
1 - 40% - 40% - 19:55
2 - 30% - 30% - 15:02
3 - 23% - 20% - 11:26
4 - 7% - 10% - 3:18
PP Forward
1 - 55% - 60% - 4:33
2 - 45% - 40% - 3:47
PP Defense
1 - 60% - 60% - 4:59
2 - 40% - 40% - 3:21
PK Forward
1 - 92% - 60% - 1:49
2 - 8% - 40% - 0:10
PK Defense
1 - 35% - 60% - 0:42
2 - 65% - 40% - 1:17
PK3 Forward
1 - 0% - 60%
2 - 0% - 40%
PK3 Defense
1 - 0% - 60%
2 - 0% - 40%
44 Forward
1 - 100% - 60% - 0:32
2 - 0% - 40% - 0:00
44 Defense
1 - 100% - 60% - 0:32
2 - 0% - 40% - 0:00
Last Minute Offensive - 0:00
Last Minute Defensive - 0:00
Total
Forward - 60:32
Defense - 60:32
|
Play-by-Play
1st period
0:01 of 1st period - Justin Danforth wins face-off versus Arthur Kaliyev in neutral zone.
0:50 of 1st period - Slapshot by Logan Morrison.
0:50 of 1st period - Shot Blocked by Henry Thrun.
1:03 of 1st period - Icing by Spencer Stastney.
1:04 of 1st period - Nathan Gaucher wins face-off versus Marat Khusnutdinov in Orlando Solar Bears zone.
1:13 of 1st period - Wrist shot by Brad Lambert.
1:13 of 1st period - Stopped by Domenic DiVincentiis with a rebound.
1:15 of 1st period - Slapshot by Adam Ginning.
1:15 of 1st period - Shot Blocked by Marat Khusnutdinov.
1:17 of 1st period - Snap shot by Brad Lambert.
1:17 of 1st period - Shot Blocked by Marat Khusnutdinov.
1:19 of 1st period - Slapshot by Adam Ginning.
1:19 of 1st period - Deflect By Arthur Kaliyev.
1:19 of 1st period - Stopped by Domenic DiVincentiis with a rebound.
1:39 of 1st period - Slapshot by Jesse Puljujarvi.
1:39 of 1st period - Shot Misses the Net.
1:51 of 1st period - Snap shot by Nathan Gaucher.
1:51 of 1st period - Stopped by Domenic DiVincentiis without a rebound.
1:52 of 1st period - Jesper Boqvist wins face-off versus Nathan Gaucher in Orlando Solar Bears zone.
1:57 of 1st period - Wrist shot by Cole Reinhardt.
1:57 of 1st period - Shot Blocked by Alex Turcotte.
2:41 of 1st period - Wrist shot by Skyler Brind'Amour.
2:41 of 1st period - Stopped by Domenic DiVincentiis with a rebound.
2:43 of 1st period - Minor Penalty to Nikita Grebenkin for Interference.
2:44 of 1st period - Justin Danforth wins face-off versus Brad Lambert in Orlando Solar Bears zone.
4:43 of 1st period - Penalty to Nikita Grebenkin is over, Nikita Grebenkin is back on ice.
5:01 of 1st period - Wrist shot by Rodrigo Abols.
5:01 of 1st period - Goal by Rodrigo Abols - Orlando Solar Bears : 1 - Sarnia Sailors : 0.
5:02 of 1st period - Jesper Boqvist wins face-off versus Brad Lambert in neutral zone.
5:09 of 1st period - Wrist shot by Alex Turcotte.
5:09 of 1st period - Stopped by Remi Poirier with a rebound.
5:32 of 1st period - Justin Danforth is hit by Rory Kerins and loses puck.
5:55 of 1st period - Snap shot by Landon Slaggert.
5:55 of 1st period - Shot Misses the Net.
6:16 of 1st period - Snap shot by Alex Turcotte.
6:16 of 1st period - Stopped by Remi Poirier without a rebound.
6:17 of 1st period - Justin Danforth wins face-off versus Brad Lambert in Sarnia Sailors zone.
6:18 of 1st period - Wrist shot by Martin Pospisil.
6:18 of 1st period - Shot Misses the Net.
6:49 of 1st period - Snap shot by Jesse Puljujarvi.
6:49 of 1st period - Shot Misses the Net.
6:51 of 1st period - Snap shot by Zachary L'Heureux.
6:51 of 1st period - Stopped by Domenic DiVincentiis with a rebound.
6:53 of 1st period - Wrist shot by Rory Kerins.
6:53 of 1st period - Shot Blocked by Justin Brazeau.
7:43 of 1st period - Minor Penalty to Skyler Brind'Amour for Tripping.
7:44 of 1st period - Rory Kerins wins face-off versus Justin Danforth in Sarnia Sailors zone.
7:44 of 1st period - Rory Kerins is hit by TJ Brodie.
9:22 of 1st period - Tyson Hinds is hit by Martin Pospisil and loses puck.
9:43 of 1st period - Penalty to Skyler Brind'Amour is over, Skyler Brind'Amour is back on ice.
9:50 of 1st period - Wrist shot by Adam Beckman.
9:50 of 1st period - Stopped by Remi Poirier with a rebound.
9:52 of 1st period - Slapshot by Adam Beckman.
9:52 of 1st period - Shot Misses the Net.
9:54 of 1st period - Snap shot by Isaak Phillips.
9:54 of 1st period - Stopped by Remi Poirier without a rebound.
9:55 of 1st period - Marat Khusnutdinov wins face-off versus Cole Reinhardt in Sarnia Sailors zone.
9:56 of 1st period - Backhand shot by Nikita Grebenkin.
9:56 of 1st period - Stopped by Remi Poirier with a rebound.
10:08 of 1st period - Wrist shot by Adam Beckman.
10:08 of 1st period - Shot Misses the Net.
10:20 of 1st period - Snap shot by Justin Danforth.
10:20 of 1st period - Shot Misses the Net.
10:22 of 1st period - Slapshot by Justin Danforth.
10:22 of 1st period - Stopped by Remi Poirier with a rebound.
10:24 of 1st period - Snap shot by Isaak Phillips.
10:24 of 1st period - Shot Blocked by Declan Chisholm.
10:26 of 1st period - Wrist shot by Rodrigo Abols.
10:26 of 1st period - Stopped by Remi Poirier without a rebound.
10:27 of 1st period - Brad Lambert wins face-off versus Rodrigo Abols in Sarnia Sailors zone.
10:34 of 1st period - Snap shot by Brad Lambert.
10:34 of 1st period - Stopped by Domenic DiVincentiis without a rebound.
10:35 of 1st period - Jesper Boqvist wins face-off versus Brad Lambert in Orlando Solar Bears zone.
11:04 of 1st period - Wrist shot by Arthur Kaliyev.
11:04 of 1st period - Shot Misses the Net.
11:06 of 1st period - Snap shot by Brad Lambert.
11:06 of 1st period - Shot Blocked by Vincent Desharnais.
11:16 of 1st period - Wrist shot by Arthur Kaliyev.
11:16 of 1st period - Deflect By TJ Brodie.
11:16 of 1st period - Stopped by Domenic DiVincentiis without a rebound.
11:17 of 1st period - Justin Danforth wins face-off versus Rory Kerins in Orlando Solar Bears zone.
11:24 of 1st period - Snap shot by Martin Pospisil.
11:24 of 1st period - Shot Misses the Net.
11:26 of 1st period - Snap shot by Conor Sheary.
11:26 of 1st period - Goal by Conor Sheary - Orlando Solar Bears : 2 - Sarnia Sailors : 0.
11:27 of 1st period - Justin Danforth wins face-off versus Rory Kerins in neutral zone.
11:34 of 1st period - Wrist shot by Rory Kerins.
11:34 of 1st period - Stopped by Domenic DiVincentiis with a rebound.
11:40 of 1st period - Declan Chisholm is hit by Martin Pospisil and loses puck.
11:53 of 1st period - Nikolas Matinpalo is hit by Vincent Desharnais and loses puck.
11:58 of 1st period - Snap shot by Marat Khusnutdinov.
11:58 of 1st period - Stopped by Remi Poirier with a rebound.
12:00 of 1st period - Snap shot by Nikita Grebenkin.
12:00 of 1st period - Shot Blocked by Nikolas Matinpalo.
12:39 of 1st period - Off-side.
12:40 of 1st period - Rodrigo Abols wins face-off versus Logan Morrison in neutral zone.
12:47 of 1st period - Wrist shot by Justin Danforth.
12:47 of 1st period - Stopped by Remi Poirier with a rebound.
12:49 of 1st period - Snap shot by Vincent Desharnais.
12:49 of 1st period - Shot Misses the Net.
12:51 of 1st period - Slapshot by TJ Brodie.
12:51 of 1st period - Stopped by Remi Poirier without a rebound.
12:52 of 1st period - Conor Sheary wins face-off versus Brad Lambert in Sarnia Sailors zone.
12:57 of 1st period - Snap shot by Justin Danforth.
12:57 of 1st period - Goal by Justin Danforth - Orlando Solar Bears : 3 - Sarnia Sailors : 0.
12:58 of 1st period - Rory Kerins wins face-off versus Justin Danforth in neutral zone.
13:13 of 1st period - Slapshot by Martin Pospisil.
13:13 of 1st period - Shot Misses the Net.
13:23 of 1st period - Vincent Desharnais is hit by Brad Lambert and loses puck.
14:10 of 1st period - Off-side.
14:11 of 1st period - Rory Kerins wins face-off versus Rodrigo Abols in neutral zone.
15:06 of 1st period - Minor Penalty to Jesper Boqvist for Tripping.
15:07 of 1st period - Martin Pospisil wins face-off versus Brad Lambert in Orlando Solar Bears zone.
17:06 of 1st period - Penalty to Jesper Boqvist is over, Jesper Boqvist is back on ice.
17:37 of 1st period - Nate Danielson is hit by TJ Brodie and loses puck.
17:46 of 1st period - Wrist shot by Jesper Boqvist.
17:46 of 1st period - Stopped by Remi Poirier with a rebound.
17:50 of 1st period - Slapshot by Jesper Boqvist.
17:50 of 1st period - Stopped by Remi Poirier with a rebound.
17:52 of 1st period - Wrist shot by Justin Brazeau.
17:52 of 1st period - Goal by Justin Brazeau - Orlando Solar Bears : 4 - Sarnia Sailors : 0.
17:53 of 1st period - Justin Danforth wins face-off versus Brad Lambert in neutral zone.
18:22 of 1st period - Snap shot by Marat Khusnutdinov.
18:22 of 1st period - Shot Misses the Net.
18:26 of 1st period - Wrist shot by Marat Khusnutdinov.
18:26 of 1st period - Stopped by Remi Poirier with a rebound.
18:28 of 1st period - Slapshot by Isaak Phillips.
18:28 of 1st period - Shot Blocked by Jesse Puljujarvi.
18:30 of 1st period - Slapshot by Isaak Phillips.
18:30 of 1st period - Stopped by Remi Poirier without a rebound.
18:31 of 1st period - Landon Slaggert wins face-off versus Jesper Boqvist in Sarnia Sailors zone.
18:47 of 1st period - Snap shot by Jesper Boqvist.
18:47 of 1st period - Shot Blocked by Landon Slaggert.
19:12 of 1st period - Skyler Brind'Amour is hit by Conor Sheary and loses puck.
19:43 of 1st period - Tristen Nielsen is hit by Justin Brazeau and loses puck.
Goals for this period are 4 for Orlando Solar Bears vs 0 for Sarnia Sailors.
Shots for this period are 18 for Orlando Solar Bears vs 8 for Sarnia Sailors.
2nd period
0:01 of 2nd period - Justin Danforth wins face-off versus Brad Lambert in neutral zone.
0:04 of 2nd period - Wrist shot by Martin Pospisil.
0:04 of 2nd period - Shot Misses the Net.
0:19 of 2nd period - Icing by Nikolas Matinpalo.
0:20 of 2nd period - Brad Lambert wins face-off versus Marat Khusnutdinov in Sarnia Sailors zone.
0:20 of 2nd period - Brad Lambert is hit by Isaak Phillips.
0:32 of 2nd period - Wrist shot by Brad Lambert.
0:32 of 2nd period - Shot Misses the Net.
0:40 of 2nd period - Snap shot by Arthur Kaliyev.
0:40 of 2nd period - Shot Misses the Net.
0:48 of 2nd period - Wrist shot by Brad Lambert.
0:48 of 2nd period - Deflect By Marat Khusnutdinov.
0:48 of 2nd period - Stopped by Domenic DiVincentiis with a rebound.
0:50 of 2nd period - Snap shot by Declan Chisholm.
0:50 of 2nd period - Deflect By Brad Lambert.
0:50 of 2nd period - Shot Misses the Net.
0:50 of 2nd period - Puck is out of play.
0:51 of 2nd period - Rory Kerins wins face-off versus Justin Danforth in Orlando Solar Bears zone.
0:56 of 2nd period - Wrist shot by Jesse Puljujarvi.
0:56 of 2nd period - Stopped by Domenic DiVincentiis without a rebound.
0:57 of 2nd period - Justin Danforth wins face-off versus Zachary L'Heureux in Orlando Solar Bears zone.
1:08 of 2nd period - Snap shot by Rory Kerins.
1:08 of 2nd period - Deflect By Jesse Puljujarvi.
1:08 of 2nd period - Stopped by Domenic DiVincentiis with a rebound.
1:10 of 2nd period - Wrist shot by Rory Kerins.
1:10 of 2nd period - Shot Misses the Net.
1:12 of 2nd period - Wrist shot by Rory Kerins.
1:12 of 2nd period - Shot Misses the Net.
1:26 of 2nd period - Wrist shot by Conor Sheary.
1:26 of 2nd period - Stopped by Remi Poirier with a rebound.
1:41 of 2nd period - Nikita Grebenkin beats up Arthur Kaliyev.
1:41 of 2nd period - Penalty to Arthur Kaliyev for Fighting.
1:41 of 2nd period - Penalty to Nikita Grebenkin for Fighting.
1:42 of 2nd period - Justin Danforth wins face-off versus Brad Lambert in neutral zone.
1:46 of 2nd period - Off-side.
1:47 of 2nd period - Brad Lambert wins face-off versus Conor Sheary in neutral zone.
3:39 of 2nd period - Wrist shot by Jesper Boqvist.
3:39 of 2nd period - Shot Hit the Post.
3:41 of 2nd period - Slapshot by Justin Brazeau.
3:41 of 2nd period - Stopped by Remi Poirier without a rebound.
3:42 of 2nd period - Marat Khusnutdinov wins face-off versus Brad Lambert in Sarnia Sailors zone.
3:48 of 2nd period - Logan Morrison and Adam Beckman fight to a draw.
3:48 of 2nd period - Penalty to Logan Morrison for Fighting.
3:48 of 2nd period - Penalty to Adam Beckman for Fighting.
3:49 of 2nd period - Rory Kerins wins face-off versus Justin Danforth in neutral zone.
4:14 of 2nd period - Brad Lambert is hit by Rodrigo Abols and loses puck.
4:51 of 2nd period - Snap shot by Justin Brazeau.
4:51 of 2nd period - Stopped by Remi Poirier with a rebound.
4:56 of 2nd period - Minor Penalty to Vincent Desharnais for Hooking.
4:57 of 2nd period - Brad Lambert wins face-off versus Justin Danforth in Orlando Solar Bears zone.
4:57 of 2nd period - Wrist shot by Nate Danielson.
4:57 of 2nd period - Stopped by Domenic DiVincentiis with a rebound.
4:59 of 2nd period - Slapshot by Nathan Gaucher.
4:59 of 2nd period - Shot Blocked by Conor Sheary.
5:01 of 2nd period - Slapshot by Nathan Gaucher.
5:01 of 2nd period - Shot Hit the Post.
5:03 of 2nd period - Slapshot by Declan Chisholm.
5:03 of 2nd period - Goal by Declan Chisholm - Orlando Solar Bears : 4 - Sarnia Sailors : 1.
5:04 of 2nd period - Brad Lambert wins face-off versus Justin Danforth in neutral zone.
5:31 of 2nd period - Icing by Zachary L'Heureux.
5:32 of 2nd period - Jesper Boqvist wins face-off versus Rory Kerins in Sarnia Sailors zone.
5:44 of 2nd period - Off-side.
5:45 of 2nd period - Justin Danforth wins face-off versus Brad Lambert in neutral zone.
5:52 of 2nd period - Snap shot by Martin Pospisil.
5:52 of 2nd period - Stopped by Remi Poirier with a rebound.
6:10 of 2nd period - Marat Khusnutdinov is hit by Zachary L'Heureux and loses puck.
6:57 of 2nd period - Justin Danforth is hit by Brad Lambert.
8:24 of 2nd period - Rory Kerins is hit by Vincent Desharnais and loses puck.
9:04 of 2nd period - Jesper Boqvist is hit by Adam Ginning and loses puck.
9:17 of 2nd period - Wrist shot by Logan Morrison.
9:17 of 2nd period - Goal by Logan Morrison - Orlando Solar Bears : 4 - Sarnia Sailors : 2.
9:18 of 2nd period - Arthur Kaliyev wins face-off versus Justin Danforth in neutral zone.
9:23 of 2nd period - Snap shot by Declan Chisholm.
9:23 of 2nd period - Stopped by Domenic DiVincentiis with a rebound.
10:14 of 2nd period - Wrist shot by Cole Reinhardt.
10:14 of 2nd period - Shot Misses the Net.
10:28 of 2nd period - Snap shot by Justin Sourdif.
10:28 of 2nd period - Stopped by Remi Poirier with a rebound.
10:30 of 2nd period - Snap shot by Justin Danforth.
10:30 of 2nd period - Stopped by Remi Poirier with a rebound.
10:32 of 2nd period - Snap shot by Justin Danforth.
10:32 of 2nd period - Stopped by Remi Poirier without a rebound.
10:33 of 2nd period - Marat Khusnutdinov wins face-off versus Skyler Brind'Amour in Sarnia Sailors zone.
10:38 of 2nd period - Snap shot by Marat Khusnutdinov.
10:38 of 2nd period - Shot Blocked by Erik Brannstrom.
10:46 of 2nd period - Snap shot by Brad Lambert.
10:46 of 2nd period - Stopped by Domenic DiVincentiis without a rebound.
10:47 of 2nd period - Rory Kerins wins face-off versus Justin Danforth in Orlando Solar Bears zone.
11:17 of 2nd period - Wrist shot by Logan Morrison.
11:17 of 2nd period - Goal by Logan Morrison - Orlando Solar Bears : 4 - Sarnia Sailors : 3.
11:18 of 2nd period - Jesper Boqvist wins face-off versus Brad Lambert in neutral zone.
11:28 of 2nd period - Declan Chisholm is hit by Jesper Boqvist and loses puck.
13:20 of 2nd period - Off-side.
13:21 of 2nd period - Justin Danforth wins face-off versus Nathan Gaucher in neutral zone.
13:30 of 2nd period - Slapshot by Declan Chisholm.
13:30 of 2nd period - Stopped by Domenic DiVincentiis with a rebound.
13:32 of 2nd period - Slapshot by Declan Chisholm.
13:32 of 2nd period - Shot Blocked by Martin Pospisil.
13:34 of 2nd period - Snap shot by Nathan Gaucher.
13:34 of 2nd period - Stopped by Domenic DiVincentiis with a rebound.
13:36 of 2nd period - Slapshot by Nikolas Matinpalo.
13:36 of 2nd period - Stopped by Domenic DiVincentiis without a rebound.
13:37 of 2nd period - Brad Lambert wins face-off versus Jesper Boqvist in Orlando Solar Bears zone.
13:42 of 2nd period - Wrist shot by Brad Lambert.
13:42 of 2nd period - Stopped by Domenic DiVincentiis without a rebound.
13:43 of 2nd period - Brad Lambert wins face-off versus Jesper Boqvist in Orlando Solar Bears zone.
13:50 of 2nd period - Snap shot by Brad Lambert.
13:50 of 2nd period - Shot Blocked by Justin Brazeau.
13:52 of 2nd period - Snap shot by Brad Lambert.
13:52 of 2nd period - Shot Misses the Net.
13:54 of 2nd period - Snap shot by Skyler Brind'Amour.
13:54 of 2nd period - Shot Blocked by Justin Brazeau.
13:56 of 2nd period - Slapshot by Declan Chisholm.
13:56 of 2nd period - Stopped by Domenic DiVincentiis without a rebound.
13:57 of 2nd period - Rory Kerins wins face-off versus Justin Danforth in Orlando Solar Bears zone.
14:00 of 2nd period - Slapshot by Jesse Puljujarvi.
14:00 of 2nd period - Shot Misses the Net.
14:24 of 2nd period - Adam Beckman is hit by Nikolas Matinpalo and loses puck.
14:29 of 2nd period - Snap shot by Arthur Kaliyev.
14:29 of 2nd period - Shot Misses the Net.
14:31 of 2nd period - Slapshot by Brad Lambert.
14:31 of 2nd period - Goal by Brad Lambert - Orlando Solar Bears : 4 - Sarnia Sailors : 4.
14:32 of 2nd period - Arthur Kaliyev wins face-off versus Justin Danforth in neutral zone.
14:59 of 2nd period - Jesper Boqvist is hit by Rory Kerins and loses puck.
15:06 of 2nd period - Wrist shot by Jesse Puljujarvi.
15:06 of 2nd period - Stopped by Domenic DiVincentiis with a rebound.
15:08 of 2nd period - Slapshot by Rory Kerins.
15:08 of 2nd period - Shot Misses the Net.
15:10 of 2nd period - Slapshot by Erik Brannstrom.
15:10 of 2nd period - Stopped by Domenic DiVincentiis without a rebound.
15:11 of 2nd period - Marat Khusnutdinov wins face-off versus Nate Danielson in Orlando Solar Bears zone.
15:18 of 2nd period - Slapshot by Adam Beckman.
15:18 of 2nd period - Shot Blocked by Erik Brannstrom.
15:40 of 2nd period - Icing by Skyler Brind'Amour.
15:41 of 2nd period - Rodrigo Abols wins face-off versus Brad Lambert in Sarnia Sailors zone.
16:34 of 2nd period - Snap shot by Arthur Kaliyev.
16:34 of 2nd period - Shot Blocked by TJ Brodie.
16:42 of 2nd period - Snap shot by Brad Lambert.
16:42 of 2nd period - Stopped by Domenic DiVincentiis without a rebound.
16:43 of 2nd period - Jesper Boqvist wins face-off versus Rory Kerins in Orlando Solar Bears zone.
16:53 of 2nd period - Icing by Justin Brazeau.
16:54 of 2nd period - Rory Kerins wins face-off versus Jesper Boqvist in Orlando Solar Bears zone.
17:19 of 2nd period - Wrist shot by Jesper Boqvist.
17:19 of 2nd period - Stopped by Remi Poirier with a rebound.
17:21 of 2nd period - Wrist shot by Jesper Boqvist.
17:21 of 2nd period - Goal by Jesper Boqvist - Orlando Solar Bears : 5 - Sarnia Sailors : 4.
17:22 of 2nd period - Brad Lambert wins face-off versus Justin Danforth in neutral zone.
17:37 of 2nd period - Minor Penalty to Martin Pospisil for Tripping.
17:38 of 2nd period - Justin Danforth wins face-off versus Brad Lambert in Orlando Solar Bears zone.
17:46 of 2nd period - Snap shot by Rodrigo Abols.
17:46 of 2nd period - Shot Misses the Net.
17:54 of 2nd period - Slapshot by Nikolas Matinpalo.
17:54 of 2nd period - Goal by Nikolas Matinpalo - Orlando Solar Bears : 5 - Sarnia Sailors : 5.
17:55 of 2nd period - Justin Danforth wins face-off versus Brad Lambert in neutral zone.
18:21 of 2nd period - Nikita Grebenkin is hit by Zachary L'Heureux and loses puck.
18:50 of 2nd period - TJ Brodie is hit by Nate Danielson and loses puck.
18:55 of 2nd period - Snap shot by Rodrigo Abols.
18:55 of 2nd period - Deflect By Logan Morrison.
18:55 of 2nd period - Shot Misses the Net.
18:55 of 2nd period - Puck is out of play.
18:56 of 2nd period - Brad Lambert wins face-off versus Rodrigo Abols in Sarnia Sailors zone.
19:06 of 2nd period - Minor Penalty to Ty Nelson for Cross-checking.
19:07 of 2nd period - Justin Danforth wins face-off versus Brad Lambert in Orlando Solar Bears zone.
Goals for this period are 1 for Orlando Solar Bears vs 5 for Sarnia Sailors.
Shots for this period are 9 for Orlando Solar Bears vs 19 for Sarnia Sailors.
3rd period
0:01 of 3rd period - Brad Lambert wins face-off versus Justin Danforth in neutral zone.
0:55 of 3rd period - Vincent Desharnais is hit by Zachary L'Heureux and loses puck.
1:06 of 3rd period - Penalty to Ty Nelson is over, Ty Nelson is back on ice.
1:08 of 3rd period - Snap shot by Jesse Puljujarvi.
1:08 of 3rd period - Shot Misses the Net.
1:10 of 3rd period - Slapshot by Rory Kerins.
1:10 of 3rd period - Stopped by Domenic DiVincentiis with a rebound.
1:12 of 3rd period - Slapshot by Declan Chisholm.
1:12 of 3rd period - Stopped by Domenic DiVincentiis without a rebound.
1:13 of 3rd period - Marat Khusnutdinov wins face-off versus Brad Lambert in Orlando Solar Bears zone.
1:48 of 3rd period - Icing by Adam Ginning.
1:49 of 3rd period - Rodrigo Abols wins face-off versus Logan Morrison in Sarnia Sailors zone.
2:05 of 3rd period - Off-side.
2:06 of 3rd period - Brad Lambert wins face-off versus Jesper Boqvist in neutral zone.
2:20 of 3rd period - Snap shot by Alex Turcotte.
2:20 of 3rd period - Stopped by Remi Poirier without a rebound.
2:21 of 3rd period - Rory Kerins wins face-off versus Justin Danforth in Sarnia Sailors zone.
2:32 of 3rd period - Wrist shot by Jesse Puljujarvi.
2:32 of 3rd period - Stopped by Domenic DiVincentiis with a rebound.
2:57 of 3rd period - Adam Beckman is hit by Arthur Kaliyev and loses puck.
3:09 of 3rd period - Icing by Skyler Brind'Amour.
3:10 of 3rd period - Logan Morrison wins face-off versus Jesper Boqvist in Sarnia Sailors zone.
3:10 of 3rd period - Logan Morrison is hit by Vincent Desharnais.
3:40 of 3rd period - Minor Penalty to Conor Sheary for Roughing.
3:41 of 3rd period - Justin Danforth wins face-off versus Brad Lambert in Orlando Solar Bears zone.
5:40 of 3rd period - Penalty to Conor Sheary is over, Conor Sheary is back on ice.
9:47 of 3rd period - TJ Brodie is hit by Arthur Kaliyev and loses puck.
9:58 of 3rd period - Justin Brazeau is hit by Landon Slaggert and loses puck.
10:12 of 3rd period - Justin Brazeau is hit by Nate Danielson and loses puck.
10:43 of 3rd period - Adam Beckman is hit by Rory Kerins and loses puck.
10:50 of 3rd period - Slapshot by Zachary L'Heureux.
10:50 of 3rd period - Stopped by Domenic DiVincentiis with a rebound.
11:01 of 3rd period - Icing by Ty Nelson.
11:02 of 3rd period - Brad Lambert wins face-off versus Justin Danforth in Orlando Solar Bears zone.
11:32 of 3rd period - Wrist shot by Alex Turcotte.
11:32 of 3rd period - Stopped by Remi Poirier with a rebound.
11:34 of 3rd period - Wrist shot by Jesper Boqvist.
11:34 of 3rd period - Shot Blocked by Jeremie Poirier.
11:56 of 3rd period - Backhand shot by Adam Beckman.
11:56 of 3rd period - Stopped by Remi Poirier with a rebound.
12:08 of 3rd period - Snap shot by Brad Lambert.
12:08 of 3rd period - Shot Misses the Net.
12:33 of 3rd period - Off-side.
12:34 of 3rd period - Logan Morrison wins face-off versus Marat Khusnutdinov in neutral zone.
12:43 of 3rd period - Snap shot by Landon Slaggert.
12:43 of 3rd period - Deflect By Logan Morrison.
12:43 of 3rd period - Shot Misses the Net.
12:43 of 3rd period - Puck is out of play.
12:44 of 3rd period - Jesper Boqvist wins face-off versus Rory Kerins in Orlando Solar Bears zone.
12:59 of 3rd period - Wrist shot by Jesper Boqvist.
12:59 of 3rd period - Shot Misses the Net.
13:06 of 3rd period - Icing by Tyson Hinds.
13:07 of 3rd period - Rory Kerins wins face-off versus Justin Danforth in Sarnia Sailors zone.
13:12 of 3rd period - Martin Pospisil is hit by Landon Slaggert and loses puck.
14:01 of 3rd period - Wrist shot by Marat Khusnutdinov.
14:01 of 3rd period - Shot Blocked by Declan Chisholm.
14:03 of 3rd period - Slapshot by Spencer Stastney.
14:03 of 3rd period - Shot Blocked by Arthur Kaliyev.
14:19 of 3rd period - Snap shot by Tristen Nielsen.
14:19 of 3rd period - Shot Misses the Net.
14:25 of 3rd period - Declan Chisholm is hit by TJ Brodie and loses puck.
15:04 of 3rd period - Wrist shot by Rory Kerins.
15:04 of 3rd period - Stopped by Domenic DiVincentiis without a rebound.
15:05 of 3rd period - Nikita Grebenkin wins face-off versus Rory Kerins in Orlando Solar Bears zone.
15:32 of 3rd period - Rodrigo Abols is hit by Logan Morrison.
16:32 of 3rd period - Wrist shot by Nathan Gaucher.
16:32 of 3rd period - Stopped by Domenic DiVincentiis with a rebound.
16:34 of 3rd period - Slapshot by Jeremie Poirier.
16:34 of 3rd period - Stopped by Domenic DiVincentiis with a rebound.
17:02 of 3rd period - TJ Brodie is hit by Landon Slaggert and loses puck.
18:09 of 3rd period - Slapshot by Zachary L'Heureux.
18:09 of 3rd period - Shot Blocked by Nikita Grebenkin.
18:31 of 3rd period - Wrist shot by Nikolas Matinpalo.
18:31 of 3rd period - Stopped by Domenic DiVincentiis with a rebound.
18:33 of 3rd period - Slapshot by Nikolas Matinpalo.
18:33 of 3rd period - Shot Misses the Net.
18:35 of 3rd period - Slapshot by Nikolas Matinpalo.
18:35 of 3rd period - Shot Blocked by Ty Nelson.
18:37 of 3rd period - Slapshot by Nikolas Matinpalo.
18:37 of 3rd period - Shot Blocked by Jesper Boqvist.
18:39 of 3rd period - Snap shot by Arthur Kaliyev.
18:39 of 3rd period - Deflect By Brad Lambert.
18:39 of 3rd period - Goal by Brad Lambert - Orlando Solar Bears : 5 - Sarnia Sailors : 6.
18:40 of 3rd period - Marat Khusnutdinov wins face-off versus Logan Morrison in neutral zone.
18:45 of 3rd period - Orlando Solar Bears, Domenic DiVincentiis is pulled from the net.
18:45 of 3rd period - Slapshot by Marat Khusnutdinov.
18:45 of 3rd period - Deflect By Nikita Grebenkin.
18:45 of 3rd period - Shot Hit the Post.
18:45 of 3rd period - Puck is out of play.
18:46 of 3rd period - Andrew Brunette call a timeout for Orlando Solar Bears.
18:46 of 3rd period - Nikita Grebenkin wins face-off versus Landon Slaggert in Sarnia Sailors zone.
18:47 of 3rd period - Slapshot by Marat Khusnutdinov.
18:47 of 3rd period - Shot Blocked by Landon Slaggert.
18:49 of 3rd period - Snap shot by Isaak Phillips.
18:49 of 3rd period - Shot Blocked by Nikolas Matinpalo.
18:51 of 3rd period - Slapshot by Isaak Phillips.
18:51 of 3rd period - Shot Misses the Net.
18:53 of 3rd period - Snap shot by Marat Khusnutdinov.
18:53 of 3rd period - Goal by Marat Khusnutdinov - Orlando Solar Bears : 6 - Sarnia Sailors : 6.
18:53 of 3rd period - Domenic DiVincentiis from Orlando Solar Bears was sent back in the game.
18:54 of 3rd period - Nikita Grebenkin wins face-off versus Logan Morrison in neutral zone.
19:19 of 3rd period - Rory Kerins is hit by Justin Sourdif and loses puck.
19:24 of 3rd period - Snap shot by Rodrigo Abols.
19:24 of 3rd period - Shot Misses the Net.
19:26 of 3rd period - Slapshot by TJ Brodie.
19:26 of 3rd period - Shot Misses the Net.
19:42 of 3rd period - Declan Chisholm is hit by Spencer Stastney and loses puck.
Goals for this period are 1 for Orlando Solar Bears vs 1 for Sarnia Sailors.
Shots for this period are 4 for Orlando Solar Bears vs 9 for Sarnia Sailors.
Overtime #1
0:01 of 1st overtime period - Justin Danforth wins face-off versus Brad Lambert in neutral zone.
0:06 of 1st overtime period - Wrist shot by Justin Danforth.
0:06 of 1st overtime period - Shot Blocked by Nikolas Matinpalo.
0:08 of 1st overtime period - Slapshot by Vincent Desharnais.
0:08 of 1st overtime period - Stopped by Remi Poirier without a rebound.
0:09 of 1st overtime period - Justin Danforth wins face-off versus Brad Lambert in Sarnia Sailors zone.
0:14 of 1st overtime period - Snap shot by Conor Sheary.
0:14 of 1st overtime period - Shot Misses the Net.
0:16 of 1st overtime period - Slapshot by TJ Brodie.
0:16 of 1st overtime period - Stopped by Remi Poirier with a rebound.
0:18 of 1st overtime period - Snap shot by Justin Danforth.
0:18 of 1st overtime period - Shot Misses the Net.
0:32 of 1st overtime period - Snap shot by Justin Danforth.
0:32 of 1st overtime period - Goal by Justin Danforth - Orlando Solar Bears : 7 - Sarnia Sailors : 6.
Goals for this period are 1 for Orlando Solar Bears vs 0 for Sarnia Sailors.
Shots for this period are 3 for Orlando Solar Bears vs 0 for Sarnia Sailors.
Back to the Top